[Event "*** SCC Grand Prix: Titled Tuesday Blitz"]
[Site "Chess.com"]
[Date "2020.06.09"]
[Round "1"]
[White "Fins0905"]
[Black "albano87"]
[Result "1-0"]
[WhiteElo "2654"]
[BlackElo "2334"]
[TimeControl "180+1"]
[EndTime "9:05:58 PDT"]
[Termination "Fins0905 won by resignation"]

1. d4 d5 2. c4 e6 3. Nc3 Nf6 4.
cxd5 exd5 5. Bg5 Be7 6. e3 Nbd7 7.
Bd3 O-O 8. Nf3 b6 9. O-O Bb7 10. Rc1 c5 11. Qe2 a6 12. dxc5 bxc5 13. Rfd1 Qb6 14.
b3 Qe6 15. h3 h6 16. Bh4 Rac8 17. Na4 Rfd8 18. Qe1 Ne4 19. Bxe7 Qxe7 20. Qa5 Ndf6 21.
Bf1 Re8 22. Rc2 Red8 23. Rdc1 Nd7 24. Nd2 f5 25. Nxe4 fxe4 26. Nxc5 Nxc5 27. Rxc5 Rxc5 28. Qxc5 Qf7 29. Qc7 Rd7 30. Qe5 Re7 31. Qd4 Qe6 32. Be2 Rf7 33. Bg4 Qe8 34. Bh5 Qd7 35.
Bxf7+ 1-0

[Event "*** SCC Grand Prix: Titled Tuesday Blitz"]
[Site "Chess.com"]
[Date "2020.06.09"]
[Round "1"]
[White "Fortitudine"]
[Black "Firegrizzly"]
[Result "0-1"]
[WhiteElo "2268"]
[BlackElo "2596"]
[TimeControl "180+1"]
[EndTime "9:05:58 PDT"]
[Termination "Firegrizzly won by checkmate"]

1. c4 e5 2. g3 Nc6 3. Bg2 Bc5 4.
Nc3 Nge7 5. Nf3 d6 6. a3 a5 7. b3 O-O 8. O-O Bg4 9. h3 Bd7 10. d3 f5 11. e3 h6 12. d4 Ba7 13.
dxe5 dxe5 14. Nd5 e4 15. Ne1 Be6 16. Nxe7+ Qxe7 17. Qe2 a4 18. b4 Qf7 19. c5 Bc4 20.
Qc2 Ne5 21. Bb2 Nd3 22. Nxd3 Bxd3 23. Qc3 Bxf1 24. Bxf1 Kh7 25. Bc4 Qg6 26. Qe5 Rad8 27. Bd4 b6 28. Qxc7 bxc5 29. bxc5 Bb8 30. Qe7 Bxg3 31. fxg3 Qxg3+ 32. Kf1 Qxh3+ 33. Ke2 Qg2+ 34. Ke1 Rxd4 35. exd4 Rb8 36. Qe5 Qg1+ 37. Kd2 Qf2+ 38. Kd1 Rb2 39. Be6 Qf1# 0-1

[Event "*** SCC Grand Prix: Titled Tuesday Blitz"]
[Site "Chess.com"]
[Date "2020.06.09"]
[Round "1"]
[White "MateSchmate"]
[Black "GigaQuparadze"]
[Result "0-1"]
[WhiteElo "2431"]
[BlackElo "2832"]
[TimeControl "180+1"]
[EndTime "9:05:59 PDT"]
[Termination "GigaQuparadze won by resignation"]

1. e4 c5 2. Nf3 e6 3. d4 cxd4 4. Nxd4 a6 5. Nc3 b5 6. a3 Bb7 7. g3 Nf6 8. Bg2 Nc6 9. O-O Qc7 10. Nb3 Ne5 11. Qe2 d6 12. f4 Ng6 13. g4 Be7 14. g5 Nd7 15. f5 Nge5 16. Bh3 exf5 17. Bxf5 Nc5 18. Nxc5 Qxc5+ 19. Be3 Qc4 20. Rad1 Qxe2 21.
Nxe2 Nc4 22. Bc1 g6 23. b3 Ne5 24. Bh3 Bxe4 25. Bg2 Bxg2 26. Kxg2 Rc8 27. Nd4 O-O 28.
Bf4 Rc7 29. a4 bxa4 30. bxa4 Rfc8 31. Rf2 Rc4 32. a5 Bd8 33. Nb3 Ng4 34. Re2 Rxf4 35.
Re8+ Kg7 36. Rxd6 Bc7 37. Rxg6+ hxg6 38. Rxc8 Rc4 39. Kf3 Ne5+ 40. Ke3 Bb6+ 41. axb6 Rxc8 42. Kd4 Nc6+ 43. Kd5 Nb4+ 44. Kd6 Rc6+ 45. Kd7 Rxb6 0-1

[Event "*** SCC Grand Prix: Titled Tuesday Blitz"]
[Site "Chess.com"]
[Date "2020.06.09"]
[Round "1"]
[White "ChessQueen"]
[Black "GuerrieroFromLevant"]
[Result "1-0"]
[WhiteElo "2691"]
[BlackElo "2360"]
[TimeControl "180+1"]
[EndTime "9:05:59 PDT"]
[Termination "ChessQueen won on time"]

1. Nf3 d5 2. g3 Nf6 3. Bg2 c5 4.
O-O e6 5. c4 d4 6. b4 cxb4 7. a3 Nc6 8. Bb2 Bc5 9. axb4 Nxb4 10.
Na3 O-O 11. Nb5 Nc6 12. e3 e5 13. Qb3 a6 14. Nxe5 Nxe5 15. exd4 Ned7 16. dxc5 Nxc5 17.
Qe3 Be6 18. Qxc5 axb5 19. Rxa8 Qxa8 20. Bxf6 1-0

[Event "*** SCC Grand Prix: Titled Tuesday Blitz"]
[Site "Chess.com"]
[Date "2020.06.09"]
[Round "1"]
[White "CyberneticLion"]
[Black "dretch"]
[Result "0-1"]
[WhiteElo "2408"]
[BlackElo "2770"]
[TimeControl "180+1"]
[EndTime "9:06:03 PDT"]
[Termination "dretch won by resignation"]

1. e4 e6 2. d4 d5 3. exd5 exd5 4. c4 Bb4+ 5. Nc3 Ne7 6. Bd3 Nbc6 7. Ne2 Bg4 8. Be3 dxc4 9. Bxc4 Nf5 10. d5 Nxe3 11.
fxe3 Bxc3+ 12. bxc3 Ne5 13. Bb5+ c6 14. Qd4 Qh4+ 15. Ng3 f6 16. dxc6 bxc6 17. Bxc6+ Nxc6 18. Qe4+ Kf7 19. Qxc6 Qg5 20. O-O Qxe3+ 21. Kh1 Rac8 22. Qb7+ Qe7 23. Rab1 Rhd8 24. Qa6 Rc7 25. c4 Qe6 26. Rb7 Qxa6 27. Rxc7+ Rd7 28. Rc5 Qxa2 29. h3 Be6 30. Ne4 Ke7 31. Re1 Qb2 32. Rc6 Qe5 33.
Kg1 f5 0-1

[Event "*** SCC Grand Prix: Titled Tuesday Blitz"]
[Site "Chess.com"]
[Date "2020.06.09"]
[Round "1"]
[White "Man-Chuk"]
[Black "doctorcristian"]
[Result "1-0"]
[WhiteElo "2756"]
[BlackElo "2405"]
[TimeControl "180+1"]
[EndTime "9:06:03 PDT"]
[Termination "Man-Chuk won by resignation"]

1. e4 c6 2. d3 d5 3. Nf3 Qc7 4. Nc3 Nf6 5. e5 Ng4 6. d4 h5 7. Ng5 f6 8. Nf3 e6 9. Bd3 Bb4 10. Bg6+ Kf8 11. h3 Nh6 12. Bf4 Nf7 13. Qd2 Qa5 14.
O-O Na6 15. Rae1 Bd7 16. Nh4 Nc7 17. Bd3 Ke8 18. Ng6 Rg8 19. Qe2 Kd8 20. Qxh5 Be8 21.
Qh7 Rf8 22. Qxg7 Bxc3 23. bxc3 1-0

[Event "*** SCC Grand Prix: Titled Tuesday Blitz"]
[Site "Chess.com"]
[Date "2020.06.09"]
[Round "1"]
[White "Benjoneliere44"]
[Black "Firouzja2003"]
[Result "0-1"]
[WhiteElo "2471"]
[BlackElo "3130"]
[TimeControl "180+1"]
[EndTime "9:06:04 PDT"]
[Termination "Firouzja2003 won on time"]

1. d4 Nf6 2. Bf4 g6 3. e3 Bg7 4.
c3 O-O 5. Nd2 d6 6. h3 Nc6 7.
Bh2 e5 8. Bb5 Bd7 9. Ba4 Qe8 10.
dxe5 Nxe5 11. Bxd7 Nfxd7 12. Qe2 Nc5 13. Bxe5 dxe5 14.
Nb3 Na4 15. e4 a6 16. Nf3 Qb5 17. Qxb5 axb5 18. O-O-O Nb6 19. a3 Rfe8 20. Nc5 Bf8 21. Nd7 Nxd7 22. Rxd7 Bd6 23. Rd1 Ra4 24. Rd5 Rxe4 25.
Rxb5 b6 26. Rd5 Rf4 27. Nd2 e4 28. Nc4 Rxf2 29. Nxd6 cxd6 30. R7xd6 Kg7 31. Rd8 Re6 32. Rd2 e3 33. Rd1 Rxg2 34. Re1 Rg3 35. Rd3 Rxh3 36. b4 h5 37. Kc2 Rf3 38. a4 h4 39. Kb3 h3 40. c4 h2 41. c5 bxc5 42. b5 Rf4 0-1

[Event "*** SCC Grand Prix: Titled Tuesday Blitz"]
[Site "Chess.com"]
[Date "2020.06.09"]
[Round "1"]
[White "boo786"]
[Black "Semen_Khanin"]
[Result "0-1"]
[WhiteElo "2382"]
[BlackElo "2731"]
[TimeControl "180+1"]
[EndTime "9:06:04 PDT"]
[Termination "Semen_Khanin won on time"]

1. Nf3 Nf6 2. c4 g6 3. Nc3 Bg7 4. e4 d6 5. d4 O-O 6. Be2 e5 7. d5 a5 8. Bg5 Na6 9. Nd2 Qe8 10.
O-O Nd7 11. a3 h6 12. Bh4 f5 13. exf5 gxf5 14. Bh5 Rf7 15. Qc2 e4 16. Rae1 Ne5 17. f3 Nc5 18. fxe4 f4 19. Nf3 Bg4 20. Bxf7+ Qxf7 21. Nxe5 Bxe5 22. Ne2 Qh5 23. Bf2 Bxe2 24. Bxc5 f3 25. Rxe2 Qxh2+ 26. Kf2 fxe2 27. Qxe2 Qg3+ 28. Kg1 dxc5 0-1

[Event "*** SCC Grand Prix: Titled Tuesday Blitz"]
[Site "Chess.com"]
[Date "2020.06.09"]
[Round "1"]
[White "Lion-Al-Messi"]
[Black "Gordima"]
[Result "0-1"]
[WhiteElo "2376"]
[BlackElo "2722"]
[TimeControl "180+1"]
[EndTime "9:06:04 PDT"]
[Termination "Gordima won by checkmate"]

1. d4 d5 2. Nf3 Nf6 3. Nc3 g6 4. Bg5 Bg7 5. e3 Nbd7 6. Bd3 b6 7. e4 dxe4 8. Nxe4 Bb7 9. Nxf6+ exf6 10. Bf4 O-O 11.
O-O c5 12. c3 Re8 13. Bb5 a6 14. Bxd7 Qxd7 15. dxc5 Qf5 16. Bg3 Rad8 17. Nd4 Qxc5 18. Re1 f5 19. Rxe8+ Rxe8 20. Qd2 b5 21. Rd1 Qd5 22. f3 Qxa2 23. Bf2 h6 24. Ne2 Qc4 25. Nf4 a5 26. Nd3 Rd8 27. Qc2 Qd5 28. Bb6 Re8 29.
Bxa5 g5 30. Bb6 g4 31. Nf2 Qc6 32. Bd4 Bxd4 33. Rxd4 Re1# 0-1

[Event "*** SCC Grand Prix: Titled Tuesday Blitz"]
[Site "Chess.com"]
[Date "2020.06.09"]
[Round "1"]
[White "Susal_De_Silva"]
[Black "Khvicha_Supatashvili"]
[Result "1/2-1/2"]
[WhiteElo "2383"]
[BlackElo "2711"]
[TimeControl "180+1"]
[EndTime "9:06:05 PDT"]
[Termination "Game drawn by repetition"]

1. e4 c5 2. Nf3 Nc6 3. Bb5 g6 4. Bxc6 bxc6 5. O-O Bg7 6. c3 Nf6 7. Re1 O-O 8. d4 cxd4 9. cxd4 d6 10. Nc3 Bb7 11. b3 c5 12. Bb2 cxd4 13. Nxd4 Rc8 14. Qd2 Re8 15. f3 Qb6 16. Kh1 h5 17. Rac1 a6 18.
Na4 Qd8 19. Rxc8 Qxc8 20. Rc1 Qb8 21. Nc6 Bxc6 22. Rxc6 Rc8 23. Qc2 Rxc6 24. Qxc6 Qb4 25. Qc3 Qb5 26. Qc4 Qxc4 27. bxc4 Nd7 28. Bxg7 Kxg7 29.
Kg1 Kf6 30. Kf2 Ne5 31. Nb2 g5 32. g3 Ke6 33. h3 f5 34. exf5+ Kxf5 35. Ke3 h4 36. g4+ Kf6 37. f4 gxf4+ 38. Kxf4 Ng6+ 39. Ke3 Ne5 40. Ke4 e6 41. Kf4 Ng6+ 42. Ke4 Ne5 43. Kf4 Ng6+ 44. Ke4 Ne5 1/2-1/2

[Event "*** SCC Grand Prix: Titled Tuesday Blitz"]
[Site "Chess.com"]
[Date "2020.06.09"]
[Round "1"]
[White "pavelalexandru07"]
[Black "mbachez"]
[Result "0-1"]
[WhiteElo "2138"]
[BlackElo "2532"]
[TimeControl "180+1"]
[EndTime "9:06:05 PDT"]
[Termination "mbachez won on time"]

1. e4 c6 2. d4 d5 3. e5 Bf5 4. Nf3 e6 5. Be2 Nd7 6. O-O h6 7. Nbd2 Ne7 8. a3 Bg6 9. b4 Nf5 10. Bb2 Be7 11. c4 O-O 12. Qb3 dxc4 13. Nxc4 Nb6 14. Nxb6 axb6 15. Rfd1 b5 16. Rac1 Qd7 17. Bd3 Rfd8 18. Be4 Bf8 19. h3 Ne7 20. Bxg6 Nxg6 21. g3 Ne7 22. Kg2 Qd5 23. Qxd5 Nxd5 24. Nd2 Nb6 25. Rc2 Rd5 26. f4 Rad8 27. Kf3 Na4 28. Ba1 Nb6 29. Bb2 Be7 30. Ba1 Ra8 31. Bb2 f5 32. Bc1 Rxd4 33. Bb2 Rd5 34. Rcc1 Rad8 35.
Ke2 g5 36. Nf1 gxf4 37. gxf4 Nc4 0-1

[Event "*** SCC Grand Prix: Titled Tuesday Blitz"]
[Site "Chess.com"]
[Date "2020.06.09"]
[Round "1"]
[White "vanyakuba"]
[Black "Sychev_Klementy"]
[Result "0-1"]
[WhiteElo "2439"]
[BlackElo "2860"]
[TimeControl "180+1"]
[EndTime "9:06:06 PDT"]
[Termination "Sychev_Klementy won by resignation"]

1. e4 e5 2. Nf3 Nc6 3. Bb5 a6 4. Ba4 b5 5. Bb3 Na5 6. Bxf7+ Kxf7 7. Nxe5+ Ke7 8. d4 Nf6 9. Bg5 Qe8 10. Qd2 Nc6 11.
Nxc6+ dxc6 12. Nc3 Kf7 13. f3 Be7 14. O-O-O Rf8 15. d5 Kg8 16. dxc6 h6 17. Bf4 Qxc6 18. e5 b4 19. exf6 bxc3 20. fxe7 cxd2+ 21. Rxd2 Re8 22. Rd8 Bf5 0-1

[Event "*** SCC Grand Prix: Titled Tuesday Blitz"]
[Site "Chess.com"]
[Date "2020.06.09"]
[Round "1"]
[White "Lenyas66"]
[Black "HanSchut"]
[Result "1-0"]
[WhiteElo "2563"]
[BlackElo "2202"]
[TimeControl "180+1"]
[EndTime "9:06:07 PDT"]
[Termination "Lenyas66 won on time"]

1. e4 c5 2. Nf3 d6 3. Bb5+ Nd7 4. a4 a6 5. Be2 b6 6. Nc3 Bb7 7. d4 cxd4 8. Qxd4 Ngf6 9. O-O e5 10. Qe3 Be7 11. Nd2 O-O 12. Rd1 d5 13. exd5 Bxd5 14.
Nxd5 Nxd5 15. Qf3 Nf4 16. Bf1 Qc7 17. Nc4 Ng6 18. Be3 Rad8 19. a5 b5 20. Nb6 Nf6 21.
c4 bxc4 22. Nxc4 Bc5 23. Bg5 e4 24. Qf5 Ne7 25. Qh3 Ned5 26. Rac1 h6 27. Be3 1-0

[Event "*** SCC Grand Prix: Titled Tuesday Blitz"]
[Site "Chess.com"]
[Date "2020.06.09"]
[Round "1"]
[White "ZAbdumalik"]
[Black "imdvb6307"]
[Result "1-0"]
[WhiteElo "2726"]
[BlackElo "2378"]
[TimeControl "180+1"]
[EndTime "9:06:08 PDT"]
[Termination "ZAbdumalik won on time"]

1. e4 Nc6 2. Nf3 d6 3. d4 Nf6 4.
Nc3 e5 5. Bc4 Bg4 6. Be3 exd4 7.
Bxd4 Nxd4 8. Qxd4 Bxf3 9. gxf3 c6 10. O-O-O Nd7 11. f4 b5 12. Bb3 Nb6 13. e5 d5 14.
Qe3 Be7 15. Rhg1 O-O 16. f5 Kh8 17. Ne4 Qc8 18. f6 gxf6 19. exf6 dxe4 20. fxe7 1-0

[Event "*** SCC Grand Prix: Titled Tuesday Blitz"]
[Site "Chess.com"]
[Date "2020.06.09"]
[Round "1"]
[White "Gahan-MG"]
[Black "Panterov"]
[Result "1-0"]
[WhiteElo "2533"]
[BlackElo "2140"]
[TimeControl "180+1"]
[EndTime "9:06:09 PDT"]
[Termination "Gahan-MG won on time"]

1. e4 e5 2. Nf3 Nf6 3. Nc3 Bb4 4.
Nxe5 Qe7 5. Nf3 Bxc3 6. dxc3 Nxe4 7. Be2 O-O 8. O-O d6 9. Re1 Be6 10. Bd3 Nc5 11. Bxh7+ Kxh7 12. Ng5+ Kg6 13. b4 f6 14. Nf3 Ncd7 15. Nd4 Ne5 16. f4 Bg4 17. Qxg4+ Nxg4 18. Rxe7 Nc6 19. Rxc7 Rac8 20. f5+ Kh7 21. Rxc8 Rxc8 22.
Nb5 a6 23. Nxd6 Rd8 24. Bf4 Nce5 25. h3 Rxd6 26. hxg4 Rc6 27. g5 Rxc3 28. g6+ Kg8 29. Rd1 Kf8 30. Rd8+ Ke7 31. Rg8 Ng4 32. Rxg7+ Ke8 33.
Rc7 Ra3 34. g7 1-0

[Event "*** SCC Grand Prix: Titled Tuesday Blitz"]
[Site "Chess.com"]
[Date "2020.06.09"]
[Round "1"]
[White "Enriquack"]
[Black "chito89"]
[Result "1-0"]
[WhiteElo "2417"]
[BlackElo "2736"]
[TimeControl "180+1"]
[EndTime "9:06:10 PDT"]
[Termination "Enriquack won by checkmate"]

1. e4 g6 2. d4 Bg7 3. Nf3 d6 4. Bc4 e6 5. O-O a6 6. Re1 h6 7. e5 d5 8. Bd3 c5 9. c3 Nc6 10. a3 c4 11. Bc2 Nge7 12. Nbd2 b5 13. Nf1 a5 14. N3d2 Ba6 15. f4 b4 16. axb4 axb4 17.
Nf3 Qb6 18. Be3 Kd7 19. Bf2 Bb5 20. Ne3 Rxa1 21. Qxa1 b3 22. Bd1 Qb7 23. g4 Ra8 24. Qc1 Ra2 25. f5 gxf5 26. gxf5 Nxf5 27. Nxf5 exf5 28.
Nh4 Ne7 29. Bf3 Qa6 30. Bg3 Ke8 31. e6 fxe6 32. Qf4 Ra1 33. Bh5+ Kd8 34. Qc7# 1-0

[Event "*** SCC Grand Prix: Titled Tuesday Blitz"]
[Site "Chess.com"]
[Date "2020.06.09"]
[Round "1"]
[White "Escanor89"]
[Black "dianamirza"]
[Result "1-0"]
[WhiteElo "2501"]
[BlackElo "2035"]
[TimeControl "180+1"]
[EndTime "9:06:13 PDT"]
[Termination "Escanor89 won by resignation"]

1. c4 c5 2. Nf3 Nc6 3. d4 cxd4 4. Nxd4 g6 5. e4 Bg7 6. Be3 Nf6 7. Nc3 O-O 8. Be2 e6 9. O-O Ne5 10. Rc1 b6 11. f3 Bb7 12. Qd2 Nc6 13. Ndb5 Ne8 14. Rfd1 a6 15. Nd4 Nc7 16. Nc2 Bc8 17. b3 Qe7 18. Bxb6 Ne8 19. Be3 Rb8 20. Nd4 Nxd4 21. Bxd4 Bb7 22. Bxg7 Nxg7 23. Qxd7 Qf6 24. Qd4 Qg5 25. Qd2 Qa5 26. Na4 Rfd8 27. Qxa5 1-0

[Event "*** SCC Grand Prix: Titled Tuesday Blitz"]
[Site "Chess.com"]
[Date "2020.06.09"]
[Round "1"]
[White "ajian"]
[Black "LyonBeast"]
[Result "0-1"]
[WhiteElo "2456"]
[BlackElo "2950"]
[TimeControl "180+1"]
[EndTime "9:06:14 PDT"]
[Termination "LyonBeast won by resignation"]

1. d4 Nf6 2. c4 e6 3. Nc3 Bb4 4. Qc2 d5 5. cxd5 Qxd5 6. e3 c5 7. Bd2 Bxc3 8. Bxc3 cxd4 9. Bxd4 Nc6 10. Bc3 O-O 11.
Nf3 e5 12. Be2 Bg4 13. h3 Bh5 14. O-O Rac8 15. Rfd1 Qc5 16. Rac1 Qe7 17. Qa4 a6 18. a3 Rfd8 19. Qh4 Bg6 20. Qg3 Ne4 21. Rxd8+ Rxd8 22. Qh4 Nxc3 23. Rxc3 Qxh4 24. Nxh4 Be4 25. Bf3 Bxf3 26.
Nxf3 Rd1+ 27. Kh2 f6 28. Rc2 Kf7 29. Kg3 Ke6 30. Nd2 Ne7 31. Ne4 b6 32. Rd2 Rxd2 33.
Nxd2 Kd5 34. Kf3 Nc6 35. Ke2 e4 36. f3 f5 37. fxe4+ fxe4 38. Nb3 a5 39. Nd2 Ne7 40. Kd1 Nf5 41. Ke2 Nd6 42. Kd1 a4 43. Ke2 b5 44.
Nb1 Kc4 45. Nc3 Kb3 46. Nd1 Kc2 47. g4 g5 48. Nf2 Kxb2 49. Nd1+ Kc2 50. Nc3 Kxc3 0-1

[Event "*** SCC Grand Prix: Titled Tuesday Blitz"]
[Site "Chess.com"]
[Date "2020.06.09"]
[Round "1"]
[White "BilguunSu"]
[Black "Vandros57"]
[Result "1-0"]
[WhiteElo "2591"]
[BlackElo "2250"]
[TimeControl "180+1"]
[EndTime "9:06:15 PDT"]
[Termination "BilguunSu won by resignation"]

1. e4 c5 2. Nf3 e6 3. d4 cxd4 4. Nxd4 Nf6 5. Nc3 Nc6 6. Nxc6 bxc6 7. Bd3 d5 8. O-O Be7 9. Qe2 O-O 10. b3 a5 11. Bb2 Qb6 12. Na4 Qa7 13. c4 Ba6 14.
Rac1 dxe4 15. Bxe4 Nxe4 16. Qxe4 Rfd8 17. Qg4 Bf8 18.
Rfd1 Qe7 19. h4 h6 20. h5 Rxd1+ 21. Rxd1 Rd8 22. Rd4 Bc8 23. Qd1 Rxd4 24. Qxd4 Qc7 25.
Qe5 Qxe5 26. Bxe5 f6 27. Bc3 Bb4 28. Bxb4 axb4 29. Nc5 e5 30. Nd3 Bg4 31. Nxb4 Bd7 32. a4 c5 33. Na6 Kf7 34. Nxc5 Bc6 35. b4 Ke7 36. b5 Be8 37. a5 Kd6 38. a6 Kc7 39. a7 1-0

[Event "*** SCC Grand Prix: Titled Tuesday Blitz"]
[Site "Chess.com"]
[Date "2020.06.09"]
[Round "1"]
[White "VincentKeymer"]
[Black "2346PL"]
[Result "1-0"]
[WhiteElo "2763"]
[BlackElo "2405"]
[TimeControl "180+1"]
[EndTime "9:06:16 PDT"]
[Termination "VincentKeymer won by resignation"]

1. Nf3 d6 2. c4 f5 3. d4 Nf6 4. g3 g6 5. Bg2 Bg7 6. O-O O-O 7. b3 e5 8. dxe5 Ng4 9. Nc3 Nxe5 10. Bb2 Nbc6 11. e3 Be6 12. Nd4 Bd7 13. Nd5 Nxd4 14. exd4 Ng4 15. h3 Nh6 16. Nf4 c6 17. Re1 Re8 18. Qd2 Qf6 19. Nd3 Qf8 20. d5 Bxb2 21. Qxb2 Rxe1+ 22. Rxe1 Re8 23. Rxe8 Bxe8 24. dxc6 Bxc6 25. Nb4 Bxg2 26. Kxg2 f4 27. Nd5 fxg3 28. fxg3 Nf5 29. Nf6+ Kf7 30. g4 Qe7 31. Nd5 Qe4+ 32.
Kh2 Nd4 33. Qf2+ Qf3 34. Qxd4 Qe2+ 35. Kg3 Qxa2 1-0

[Event "*** SCC Grand Prix: Titled Tuesday Blitz"]
[Site "Chess.com"]
[Date "2020.06.09"]
[Round "1"]
[White "Witik"]
[Black "SergioGarciaFuentes"]
[Result "1-0"]
[WhiteElo "2578"]
[BlackElo "2232"]
[TimeControl "180+1"]
[EndTime "9:06:16 PDT"]
[Termination "Witik won by resignation"]

1. d4 d5 2. Bf4 Nc6 3. Nf3 Bg4 4. Nbd2 e6 5. e3 Bd6 6. Bg3 e5 7. Be2 exd4 8. exd4 Bxg3 9. hxg3 Nf6 10. c3 O-O 11.
O-O Qd6 12. Ne5 Bxe2 13. Qxe2 Rfe8 14. f4 Ne7 15. Rae1 c6 16. g4 Rad8 17. g5 Nd7 18. f5 Nc8 19. f6 g6 20. Ndf3 Nf8 21. Qf2 Ne6 22. Qh4 Qf8 23. Ng4 Nd6 24. Nh6+ Kh8 25.
Ne5 Nc7 26. Re3 Re6 27. Rh3 1-0

[Event "*** SCC Grand Prix: Titled Tuesday Blitz"]
[Site "Chess.com"]
[Date "2020.06.09"]
[Round "1"]
[White "rududuyk"]
[Black "Pomegranate988"]
[Result "0-1"]
[WhiteElo "2198"]
[BlackElo "2561"]
[TimeControl "180+1"]
[EndTime "9:06:16 PDT"]
[Termination "Pomegranate988 won on time"]

1. e4 c6 2. d4 d5 3. exd5 cxd5 4. c4 Nf6 5. Nc3 Nc6 6. Nf3 Bg4 7. Be2 dxc4 8. O-O e6 9. Qa4 Be7 10. h3 Bh5 11. g4 Bg6 12. Ne5 O-O 13. Nxc6 bxc6 14. Be3 Nd5 15. Qxc4 Nxe3 16. fxe3 Rc8 17. Rad1 Qc7 18.
Rf3 h5 19. e4 c5 20. d5 Qe5 21. Kg2 Bd6 22. Rh1 exd5 23. Qxd5 Rfe8 24. Qxe5 Bxe5 25.
Bd3 c4 26. Bc2 Rb8 27. Rb1 Red8 28. gxh5 Bxh5 29. Rf5 Bxc3 0-1

[Event "*** SCC Grand Prix: Titled Tuesday Blitz"]
[Site "Chess.com"]
[Date "2020.06.09"]
[Round "1"]
[White "ElviraBerend"]
[Black "Aygehovit1992"]
[Result "1-0"]
[WhiteElo "2380"]
[BlackElo "2684"]
[TimeControl "180+1"]
[EndTime "9:06:20 PDT"]
[Termination "ElviraBerend won by resignation"]

1. d4 d6 2. c4 g6 3. Nc3 Bg7 4. Nf3 Nf6 5. g3 O-O 6. Bg2 Nc6 7. O-O e5 8. d5 Ne7 9. e4 Nd7 10. Ne1 f5 11. Nd3 Nf6 12. f4 fxe4 13. Nxe4 Nxe4 14. Bxe4 Bh3 15. Bg2 Bxg2 16. Kxg2 e4 17. Nf2 Nf5 18.
Nxe4 Bxb2 19. Rb1 Re8 20. Re1 Bxc1 21. Qxc1 b6 22. Qc3 Rf8 23. Ng5 Qd7 24. Ne6 Rf7 25.
Re4 Re8 26. Rbe1 h6 27. Nc5 bxc5 28. Rxe8+ Rf8 29. Rxf8+ Kxf8 30. Qh8+ Kf7 31. Re6 Ng7 32. Re2 Qg4 33. Re1 Qf5 34. Qd8 Qc2+ 35. Kg1 Qxc4 36. Re7+ 1-0

[Event "*** SCC Grand Prix: Titled Tuesday Blitz"]
[Site "Chess.com"]
[Date "2020.06.09"]
[Round "1"]
[White "Semetey"]
[Black "szefru"]
[Result "1-0"]
[WhiteElo "2535"]
[BlackElo "2142"]
[TimeControl "180+1"]
[EndTime "9:06:20 PDT"]
[Termination "Semetey won by resignation"]

1. d4 d5 2. Bf4 c6 3. e3 Nf6 4. c4 e6 5. Nc3 Nbd7 6. Nf3 a6 7. h3 Be7 8. c5 b6 9. b4 a5 10. a3 axb4 11. axb4 Rxa1 12. Qxa1 bxc5 13. bxc5 O-O 14.
Bd3 Nh5 15. Bh2 g6 16. O-O Bf6 17. Qa7 Re8 18. Bc7 Qe7 19. Bd6 Qd8 20. e4 e5 21.
exd5 exd4 22. dxc6 Nf8 23. c7 Qd7 24. Bb5 Qe6 25. Bxe8 Qxe8 26. Nd5 Qc6 27. Nxf6+ Nxf6 28. Nxd4 Qe4 29. Qb8 Qe8 30. Nc6 N8d7 31. Ne7+ Kg7 32. Qxc8 1-0

[Event "*** SCC Grand Prix: Titled Tuesday Blitz"]
[Site "Chess.com"]
[Date "2020.06.09"]
[Round "1"]
[White "Sanyura"]
[Black "FMalexhdez"]
[Result "1-0"]
[WhiteElo "2518"]
[BlackElo "2105"]
[TimeControl "180+1"]
[EndTime "9:06:20 PDT"]
[Termination "Sanyura won by resignation"]

1. e4 c5 2. Nf3 d6 3. d4 cxd4 4. Nxd4 Nf6 5. Nc3 a6 6. g3 e5 7.
Nb3 Be6 8. Bg2 Nbd7 9. O-O h5 10. a4 Be7 11. Re1 h4 12. Nd2 hxg3 13. hxg3 Rc8 14.
Nf1 Bg4 15. f3 Be6 16. Ne3 Nb6 17. a5 Nc4 18. Ned5 Nxd5 19. exd5 Bh3 20. Ne4 Bxg2 21. Kxg2 Bf6 22. b3 Nxa5 23. Bd2 b6 24. Bb4 Be7 25. Bxa5 bxa5 26. Qd2 f5 27. Nf2 Bg5 28. f4 Bf6 29. c4 e4 30. Rxa5 Kf7 31. Rxa6 Kg6 32. g4 Rh4 33.
gxf5+ Kh7 34. Rxe4 Rb8 35. Qd3 Qc8 36. Rxd6 Qxf5 37.
Rxf6 Rg4+ 38. Nxg4 Qxg4+ 39. Kf1 Rxb3 40. Qxb3 1-0

[Event "*** SCC Grand Prix: Titled Tuesday Blitz"]
[Site "Chess.com"]
[Date "2020.06.09"]
[Round "1"]
[White "MikaelyanArman"]
[Black "pooh2012"]
[Result "1-0"]
[WhiteElo "2772"]
[BlackElo "2409"]
[TimeControl "180+1"]
[EndTime "9:06:21 PDT"]
[Termination "MikaelyanArman won by resignation"]

1. Nf3 Nf6 2. c4 e6 3. d4 c5 4. d5 b5 5. dxe6 fxe6 6. cxb5 a6 7. bxa6 d5 8. g3 Be7 9. Bg2 Bxa6 10. O-O O-O 11.
Nc3 Qb6 12. b3 Nc6 13. Bb2 Rad8 14. Rc1 c4 15. Ng5 Bc8 16. Na4 Qb8 17. bxc4 h6 18.
cxd5 exd5 19. Rxc6 hxg5 20. Qb3 Bd7 21. Rb6 Bxa4 22.
Rxb8 Bxb3 23. Rxb3 d4 24. Rc1 Ng4 25. Bf3 Ne5 26.
Be4 Bf6 27. Kg2 Ng4 28. h3 Ne5 29. a4 Rd7 30. Ba3 Rfd8 31. a5 Ra7 32. Rb5 Ra6 33. Bb7 Ra7 34. a6 Rxb7 35. axb7 Rb8 1-0

[Event "*** SCC Grand Prix: Titled Tuesday Blitz"]
[Site "Chess.com"]
[Date "2020.06.09"]
[Round "1"]
[White "pfalcon1949"]
[Black "guillembaches"]
[Result "0-1"]
[WhiteElo "1914"]
[BlackElo "2479"]
[TimeControl "180+1"]
[EndTime "9:06:21 PDT"]
[Termination "guillembaches won on time"]

1. d4 Nf6 2. c4 e6 3. Nc3 Bb4 4.
Qc2 O-O 5. e4 d5 6. e5 Ne4 7.
Bd3 c5 8. cxd5 exd5 9. Nf3 cxd4 10. Nxd4 Nd7 11. Bf4 Qh4 12. g3 Qh3 13. O-O-O Bxc3 14. bxc3 Ndc5 15. f3 Nxd3+ 16. Rxd3 Nc5 17. Rd2 Be6 18.
Re1 Rac8 19. Kb1 b5 20. Ka1 b4 21. cxb4 Ne4 22. Qb2 Nxd2 23. Qxd2 Rc4 24. Nxe6 Qxe6 25.
Rc1 Rfc8 26. Rxc4 dxc4 27. a3 c3 28. Qc2 Qc4 29. h4 h6 0-1

[Event "*** SCC Grand Prix: Titled Tuesday Blitz"]
[Site "Chess.com"]
[Date "2020.06.09"]
[Round "1"]
[White "Generalas"]
[Black "RobertoJBM"]
[Result "0-1"]
[WhiteElo "2376"]
[BlackElo "2725"]
[TimeControl "180+1"]
[EndTime "9:06:22 PDT"]
[Termination "RobertoJBM won on time"]

1. e4 c6 2. d4 d5 3. exd5 cxd5 4.
Bd3 Nc6 5. c3 g6 6. Bf4 Bh6 7. Bg3 Bf5 8. Nf3 Bxd3 9. Qxd3 Nf6 10.
Nbd2 O-O 11. O-O e6 12. Rfe1 a6 13. Bh4 Bg7 14. Ne5 Qc7 15. Qf3 Nxe5 16. dxe5 Nd7 17. Bf6 Bxf6 18. exf6 Qd8 19. c4 Nxf6 20. cxd5 Nxd5 21.
Ne4 Qh4 22. g3 Qh6 23. h4 Rfd8 24. Rad1 Qg7 25. h5 b5 26. b3 Rac8 0-1

[Event "*** SCC Grand Prix: Titled Tuesday Blitz"]
[Site "Chess.com"]
[Date "2020.06.09"]
[Round "1"]
[White "RaphCamora"]
[Black "Indianlad"]
[Result "0-1"]
[WhiteElo "2466"]
[BlackElo "2989"]
[TimeControl "180+1"]
[EndTime "9:06:23 PDT"]
[Termination "Indianlad won by resignation"]

1. e4 c5 2. Nf3 d6 3. d4 cxd4 4. Nxd4 Nf6 5. Nc3 a6 6. Bg5 e6 7.
f4 Qa5 8. Bxf6 gxf6 9. Qd2 Nc6 10. O-O-O Bd7 11. Be2 h5 12. Rhf1 Be7 13. Kb1 O-O-O 14.
Rf3 Kb8 15. f5 Ne5 16. Rh3 h4 17. Nb3 Qc7 18. Rf1 Rc8 19. Qe1 b5 20. a3 Nc4 21.
Bxc4 bxc4 22. Nd4 Qb6 23. Qd2 Ka8 24. Ka1 Rb8 25. Rb1 Qa5 26. fxe6 fxe6 27. Qe1 Rhg8 28. Rxh4 Rxg2 29. Rh7 Qd8 30. Qh1 Rd2 31. e5+ d5 32. exf6 Bxf6 33. Nxd5 exd5 34. Qxd5+ Rb7 35. Qxc4 Rxd4 36.
Qxa6+ Ra7 0-1